 Dungeon Crawl Stone Soup version 0.18-a0-1497-g788d838 (webtiles) character file.

16511 Tomstefer the Martial Artist (level 12, -2/64 HPs)
             Began as a Vine Stalker Monk on Mar 4, 2016.
             Was the Champion of Cheibriados.
             Slain by a blink frog (7 damage)
             ... on level 3 of the Lair of Beasts.
             The game lasted 00:33:27 (11000 turns).

Tomstefer the Martial Artist (Vine Stalker Monk)   Turns: 11000, Time: 00:33:27

Health: -2/64      AC:  7    Str: 28    XL:     12   Next: 38%
Magic:  0/25       EV: 19    Int: 27    God:    Cheibriados [******]
Gold:   324        SH:  0    Dex: 36    Spells: 2 memorised, 5 levels left

rFire  . . .     SeeInvis .       - Unarmed
rCold  . . .     Gourm    .     k - +3 leather armour
rNeg   . . .     Faith    .     (shield currently unavailable)
rPois  .         Spirit   +     t - +0 helmet
rElec  .         Dismiss  .     (no cloak)
rCorr  .         Reflect  .     (gloves currently unavailable)
SustAt .         Harm     .     (no boots)
MR     +....                    y - amulet of regeneration
Stlth  +++.......               H - ring of magical power
                                p - ring of wizardry

@: blade hands, very slightly contaminated, very slow, somewhat resistant to
hostile enchantments, fairly stealthy
A: fangs 3, regeneration 3, magic shield, antimagic bite, no device heal 3, rot
immunity
a: End Transformation, Bend Time, Temporal Distortion, Slouch, Step From Time,
Renounce Religion


You were on level 3 of the Lair of Beasts.
You worshipped Cheibriados.
Cheibriados was exalted by your worship.
You were not hungry.
You had blades for hands.
You visited 3 branches of the dungeon, and saw 13 of its levels.

You collected 599 gold pieces.
You spent 275 gold pieces at shops.

Inventory:

Armour
 k - a +3 leather armour (worn)
 t - a +0 helmet (worn)
 w - the +4 buckler of the World (melded) {rElec rC- MP+9 Dex+6}
   (You found it on level 8 of the Dungeon)

   It affects your dexterity (+6).
   It makes you vulnerable to cold.
   It insulates you from electricity.
   It affects your magic capacity (+9).
 E - a +1 pair of gloves (melded)
Jewellery
 n - an uncursed ring of protection from magic
 p - a ring of wizardry (left scythe-like blade)
 y - an amulet of regeneration (around neck)
 H - a ring of magical power (right scythe-like blade)
Wands
 j - a wand of iceblast (6/15)
 u - a wand of disintegration (11/24)
 x - a wand of iceblast (12/15)
 B - a wand of acid (9/15)
 G - a wand of teleportation (6/9)
 I - a wand of disintegration (9/24)
 J - a wand of paralysis (13/24)
 O - a wand of lightning (6/15)
 P - a wand of slowing (28/48)
 Q - a wand of digging (4/24)
Scrolls
 d - a scroll of amnesia
 e - 3 scrolls of fog
 l - 7 scrolls of identify
 m - 9 scrolls of teleportation
 o - a scroll of fear
 r - 4 scrolls of recharging
 s - 3 scrolls of enchant armour
 z - 6 scrolls of remove curse
 D - 4 scrolls of magic mapping
 F - a scroll of blinking {unknown}
Potions
 a - 3 potions of agility
 g - 3 potions of cancellation
 h - 2 potions of flight
 q - a potion of might
 v - a potion of cure mutation
 L - 2 potions of curing
Books
 C - a book of Changes

   Spells                             Type                      Level
   a - Beastly Appendage              Transmutation                1
   b - Sticks to Snakes               Transmutation                2
   c - Spider Form                    Transmutation/Poison         3
   d - Ice Form                       Ice/Transmutation            4
   e - Blade Hands                    Transmutation                5
Comestibles
 b - 6 bread rations
 c - a meat ration
 f - a slice of pizza
 i - 6 beef jerkies
 A - 3 royal jellies
 N - 15 fruits


   Skills:
 + Level 8.0 Fighting
 + Level 2.8 Armour
 + Level 6.0 Dodging
 - Level 2.4 Stealth
 - Level 2.1 Shields
 * Level 13.8 Unarmed Combat
 - Level 7.0 Transmutations
 - Level 5.2 Invocations


You had 5 spell levels left.
You knew the following spells:

 Your Spells              Type           Power        Failure   Level  Hunger
a - Beastly Appendage     Trmt           #####.       6%          1    ##.....
b - Blade Hands           Trmt           #####.....   32%         5    ######.


Dungeon Overview and Level Annotations

Branches:
Dungeon (9/15)             Temple (1/1) D:6            Lair (3/8) D:8
    Orc (0/2) D:9
  Swamp: Lair:3-6    Shoals: Lair:3-6     Snake: Lair:3-6    Spider: Lair:3-6

Altars:
Ashenzari
Cheibriados
Elyvilon
Gozag
Kikubaaqudgha
Makhleb
Nemelex Xobeh
Okawaru
Pakellas
Qazlal
Ru
Sif Muna
Vehumet
Yredelemnul
Zin
The Shining One

Shops:
D:4 %   D:5 %   D:6 :   D:9 !


Innate Abilities, Weirdness & Mutations

You have razor-sharp teeth.
You regenerate.
When hurt, damage is shared between your health and your magic reserves.
Your bite disrupts and absorbs the magic of your enemies.
Potions and wands cannot restore your health.
You are immune to rotting.


Message History

You don't have enough magic at the moment.
The wolf completely misses you. The wolf misses you. The wolf bites you.
* * * LOW HITPOINT WARNING * * *
The blink frog misses you. The wolf completely misses you.
The wolf closely misses you. The blink frog hits you!
* * * LOW HITPOINT WARNING * * *
The wolf bites you.
* * * LOW HITPOINT WARNING * * *
The wolf barely misses you.
Read which item? (? for menu, Esc to quit)
As you read the scroll of fear, it crumbles to dust.
You assume a fearsome visage.
The spiny frog looks frightened!
The wolf looks frightened! x5
The blink frog resists with some effort.
The blink frog looks frightened! x2; The blink frog blinks!
The blink frog hits you.
* * * LOW HITPOINT WARNING * * *
The blink frog blinks!
The blink frog blinks!
The blink frog hits you!
You die...

##P#P##P.P................#.
...................hh...F...
.....}....†.............#.#
.....)..............Fh.#..
.....................F#h#
...................§.h.##
##P#....##P.##..........#
#######.#####..F.h#........
######.§.@.###.......
#.##.....## ....#..
##......## ##.....
###.....## ..... #......#.#
.### ###.....#### ..
###P.....## #.......##
####.....##


You could see a spiny frog (fleeing), 2 blink frogs and 6 wolves.

Vanquished Creatures
  Gastronok (Lair:2)
  Erolcha (D:9)
  Erica (Lair:2)
  A centaur warrior (D:9)
  Urug (Lair:2)
  4 black mambas
  4 spiny frogs
  2 komodo dragons
  2 two-headed ogres
  4 blink frogs (Lair:2)
  Prince Ribbit (D:6)
  9 yaks
  A basilisk (Lair:1)
  6 hippogriffs
  3 wolves (Lair:1)
  Duvessa (D:6)
  3 water moccasins (Lair:1)
  An orc warrior (D:8)
  2 ice beasts
  A sky beast (D:9)
  2 black bears
  A wasp (D:8)
  5 ogres
  3 phantoms
  3 centaurs
  3 crocodiles
  6 giant frogs
  4 scorpions
  Dowan (D:6)
  6 killer bees (D:7)
  3 wights (D:8)
  A giant frog zombie (D:5)
  5 crimson imps
  3 jellies
  A quasit (D:7)
  5 hounds
  A centaur skeleton (D:6)
  A giant frog skeleton (D:6)
  7 orc wizards
  A gnoll shaman (D:4)
  4 orc priests
  6 iguanas
  8 worker ants
  14 sheep
  Robin (D:2)
  A howler monkey skeleton (D:7)
  5 gnolls
  8 adders
  65 river rats
  A shadow imp (D:8)
  An adder skeleton (D:5)
  3 worms
  4 dart slugs
  4 giant geckos
  35 orcs
  18 bats
  4 giant cockroaches
  18 goblins
  8 hobgoblins
  12 jackals
  7 quokkas
  A ball python (D:3)
  5 giant newts
  A jackal skeleton (D:5)
  10 kobolds
  17 rats
  A fungus (D:8)
373 creatures vanquished.

Vanquished Creatures (others)
  A bat (D:3)
  A quokka (D:8)
  20 fungi
  4 plants
26 creatures vanquished.

Grand Total: 399 creatures vanquished

Notes
Turn   | Place    | Note
--------------------------------------------------------------
     0 | D:1      | Tomstefer the Vine Stalker Monk began the quest for the Orb.
     0 | D:1      | Reached XP level 1. HP: 11/11 MP: 2/2
   115 | D:1      | Reached XP level 2. HP: 13/16 MP: 3/3
   994 | D:1      | Reached XP level 3. HP: 20/20 MP: 4/4
  2026 | D:2      | Found an ancient bone altar of Kikubaaqudgha.
  2033 | D:2      | Reached skill level 5 in Unarmed Combat
  2039 | D:2      | Reached XP level 4. HP: 21/24 MP: 5/5
  2144 | D:3      | Noticed Robin
  2344 | D:2      | Killed Robin
  2349 | D:2      | Reached XP level 5. HP: 8/29 MP: 2/6
  2515 | D:3      | Found an iron altar of Okawaru.
  2844 | D:4      | Noticed an ogre
  2858 | D:4      | Killed an ogre
  2858 | D:4      | Gained mutation: You heal very quickly. [Vine Stalker growth]
  2858 | D:4      | Reached XP level 6. HP: 10/33 MP: 2/7
  2984 | D:4      | Reached skill level 6 in Unarmed Combat
  3262 | D:4      | Found Locol's Food Boutique.
  3425 | D:4      | Found a glowing silver altar of Zin.
  3487 | D:4      | Found an oddly glowing altar of Pakellas.
  3580 | D:5      | Entered Level 5 of the Dungeon
  3799 | D:4      | Reached XP level 7. HP: 19/38 MP: 3/8
  3947 | D:5      | Found an opulent altar of Gozag.
  4013 | D:5      | Reached skill level 7 in Unarmed Combat
  4451 | D:5      | Reached skill level 5 in Fighting
  4451 | D:5      | Gained mutation: You have razor-sharp teeth. [Vine Stalker growth]
  4451 | D:5      | Reached XP level 8. HP: 28/43 MP: 6/9
  4603 | D:5      | Found Davin's Food Shoppe.
  4636 | D:5      | Found a sacrificial altar of Ru.
  5073 | D:6      | Noticed Prince Ribbit
  5090 | D:6      | Killed Prince Ribbit
  5090 | D:6      | Reached skill level 8 in Unarmed Combat
  5219 | D:6      | Reached skill level 1 in Shields
  5544 | D:6      | Found Cepoisu's Book Shop.
  5548 | D:6      | Bought a book of Changes for 275 gold pieces
  5550 | D:6      | Learned a level 1 spell: Beastly Appendage
  5560 | D:6      | Noticed Dowan
  5562 | D:6      | Noticed Duvessa
  5635 | D:6      | Killed Dowan
  5680 | D:6      | Killed Duvessa
  5680 | D:6      | Reached skill level 1 in Transmutations
  5898 | D:6      | Found a staircase to the Ecumenical Temple.
  5944 | Temple   | Entered the Ecumenical Temple
  5952 | Temple   | Became a worshipper of Cheibriados the Contemplative
  5952 | Temple   | Reached * piety under Cheibriados
  5952 | Temple   | Reached ** piety under Cheibriados
  6003 | D:6      | Reached XP level 9. HP: 48/48 MP: 10/10
  6086 | D:6      | Reached skill level 9 in Unarmed Combat
  6534 | D:7      | Learned a level 5 spell: Blade Hands
  6652 | D:7      | Reached skill level 10 in Unarmed Combat
  6688 | D:7      | Noticed a two-headed ogre
  6701 | D:7      | Killed a two-headed ogre
  6729 | D:7      | Reached *** piety under Cheibriados
  6905 | D:7      | Reached XP level 10. HP: 53/53 MP: 11/11
  6975 | D:7      | Found a basalt altar of Yredelemnul.
  6979 | D:7      | Found a sparkling altar of Nemelex Xobeh.
  7293 | D:8      | Reached skill level 5 in Dodging
  7302 | D:8      | Reached **** piety under Cheibriados
  7486 | D:8      | Found a staircase to the Lair.
  7680 | D:8      | Reached skill level 11 in Unarmed Combat
  7680 | D:8      | Reached skill level 1 in Invocations
  7744 | D:8      | Found a white marble altar of Elyvilon.
  7751 | D:8      | Got a steaming buckler
  7773 | D:8      | Identified the +4 buckler of the World {rElec rC- MP+9 Dex+6} (You found it on level 8 of the Dungeon)
  7879 | D:9      | Identified the Handbook of Transmigration and Arcane Weapons
  7936 | D:9      | Noticed Erolcha
  7946 | D:9      | Killed Erolcha
  7946 | D:9      | Reached skill level 5 in Transmutations
  7977 | D:9      | Reached ***** piety under Cheibriados
  8057 | D:9      | Noticed a centaur warrior
  8069 | D:9      | Killed a centaur warrior
  8252 | D:9      | Found Tovar's Distillery.
  8299 | D:9      | Found a staircase to the Orcish Mines.
  8453 | Lair:1   | Entered Level 1 of the Lair of Beasts
  8495 | Lair:1   | Noticed a spiny frog
  8508 | Lair:1   | Killed a spiny frog
  8508 | Lair:1   | Reached skill level 12 in Unarmed Combat
  8508 | Lair:1   | Reached XP level 11. HP: 41/58 MP: 14/14
  8999 | Lair:1   | Reached ****** piety under Cheibriados
  9190 | Lair:1   | Reached skill level 5 in Invocations
  9600 | Lair:2   | Reached skill level 13 in Unarmed Combat
  9601 | Lair:2   | Reached skill level 1 in Armour
  9802 | Lair:2   | Noticed Gastronok
  9811 | Lair:2   | Killed Gastronok
  9811 | Lair:2   | Gained mutation: You regenerate. [Vine Stalker growth]
  9811 | Lair:2   | Reached XP level 12. HP: 40/63 MP: 16/16
  9864 | Lair:2   | Noticed Erica
  9872 | Lair:2   | Killed Erica
 10175 | Lair:2   | Noticed Urug
 10183 | Lair:2   | Killed Urug
 10998 | Lair:3   | HP: 2/64 [wolf (3)]
 11000 | Lair:3   | Slain by a blink frog

Vault maps used:
D:1:      dpeg_arrival_radiant
D:2:      nicolae_overflow_crystal_walls, first_bread
D:3:      lemuel_crystal_altar, uniq_robin
D:4:      zin_statuary, marbit_many_paths, serial_shops, shop
D:5:      grunt_gozag_breadcrumbs, serial_shops, kennysheep_mini_moat,
          nrook_loot_triangle, nicolae_ru_great_annihilating_truth
D:6:      minmay_temple_entry_overgrown, serial_shops, nicolae_shop_crystal,
          uniq_duvessa, uniq_prince_ribbit1
D:7:      nicolae_overflow_hidden_temple
D:8:      elyvilon_altar_4, grunt_lair_entry_orc_guard_hut
D:9:      orc_0_dummy, serial_shops, shop_fountains, uniq_erolcha
Temple:   circular_temple_12
Lair:1:   grunt_forest_large_clearings, lemuel_fruit_fields
Lair:2:   uniq_urug, uniq_erica, uniq_gastronok
Lair:3:   grunt_megastairs_3, serial_bayou_shore_a

Skill      XL: |  1  2  3  4  5  6  7  8  9 10 11 12 |
---------------+-------------------------------------+-----
Fighting       | 3 4 5 6 7 8 |  8.0
Unarmed Combat | 5 6 7 8 10 12 13 | 13.8
Dodging        | 3 4 5 6 |  6.0
Shields        | 2 |  2.1
Transmutations | 1 3 5 7 |  7.0
Invocations    | 3 5 |  5.2
Armour         | 2 |  2.8
Stealth        | |  2.4

Action                   |  1- 3 |  4- 6 |  7- 9 | 10-12 || total
-------------------------+-------+-------+-------+-------++-------
Melee: Unarmed           |   115 |   247 |   337 |   432 ||  1131
 Cast: Beastly Appendage |       |       |     2 |     5 ||     7
       Blade Hands       |       |       |       |     6 ||     6
Invok: Temporal Distorti |       |       |       |     2 ||     2
Evoke: Wand              |       |     1 |     1 |       ||     2
  Use: Scroll            |       |     5 |    15 |     3 ||    23
       Potion            |       |       |     3 |     2 ||     5
 Stab: Sleeping          |     5 |     6 |     8 |    11 ||    30
       Distracted        |     1 |       |       |     3 ||     4
       Paralysed         |       |       |     1 |       ||     1
  Eat: Chunk             |     3 |     6 |     9 |     3 ||    21
       Bread ration      |       |       |       |     1 ||     1
       Meat ration       |       |       |       |     1 ||     1
